 Dungeon Crawl Stone Soup version 0.26-a0-739-gf55cbd344a (webtiles) character file.

Game seed: 5311233686630964421

168 phmsin the Chopper (level 5, 0/46 HPs)
             Began as a Hill Orc Fighter on Nov 6, 2020.
             Slain by a gnoll
             ... wielding a +0 halberd
              (9 damage)
             ... on level 3 of the Dungeon.
             The game lasted 00:16:44 (1933 turns).

phmsin the Chopper (Hill Orc Fighter)               Turns: 1933, Time: 00:16:44

Health: 0/46       AC:  8    Str: 20    XL:     5   Next: 49%
Magic:  5/5        EV:  7    Int:  8    God:
Gold:   97         SH: 10    Dex: 10    Spells: 4/4 levels left

rFire    . . .     SeeInvis .   a - +0 war axe
rCold    . . .     Faith    +   c - +1 kite shield
rNeg     + . .     Spirit   .   b - +1 scale mail
rPois    .         Reflect  .   (no helmet)
rElec    .         Harm     .   (no cloak)
rCorr    .         Rampage  .   (no gloves)
MR       .....                  (no boots)
Stlth    ..........             g - amulet of faith
HPRegen  0.15/turn              e - ring of positive energy
MPRegen  0.09/turn              (no ring)

@: berserk cooldown, slowed, very slow
A: no striking features
a: no special abilities


You were on level 3 of the Dungeon.
You visited 1 branch of the dungeon, and saw 3 of its levels.

You collected 97 gold pieces.

Inventory:

Hand Weapons
 a - a +0 war axe (weapon)
 h - a +1 dagger of venom
Armour
 b - a +1 scale mail (worn)
 c - a +1 kite shield (worn)
Jewellery
 e - a ring of positive energy (left hand)
 g - an amulet of faith (around neck)
Scrolls
 i - a scroll of identify
 l - a scroll of noise
Potions
 d - a potion of might


   Skills:
 + Level 4.2 Fighting
 + Level 5.3 Axes
 + Level 3.8 Armour
 + Level 0.7 Dodging
 + Level 4.2 Shields


You had 4 spell levels left.
You didn't know any spells.
Your spell library was empty.

Dungeon Overview and Level Annotations

Branches:
Dungeon (3/15)

Altars:
Ashenzari
Gozag


Message History

* * * LOW HITPOINT WARNING * * *
Your transformation is almost over.
You block the gnoll's attack. x2; The gnoll hits you but does no damage.
You block the gnoll's attack. The gnoll barely misses you.
You block the gnoll's attack. x2; The gnoll hits you but does no damage. x2
The gnoll hits you but does no damage. x2
The gnoll hits you but does no damage. x2; The gnoll barely misses you.
You feel less wooden.
Your +1 scale mail unmelds from your body.
You block the gnoll's attack. The gnoll hits you but does no damage.
You feel better. You block the gnoll's attack.
The gnoll hits you from afar with a +0 spear!
* * * LOW HITPOINT WARNING * * *
The gnoll hits you but does no damage.
The gnoll hits you from afar with a +0 halberd.
* * * LOW HITPOINT WARNING * * *
Found an opulent altar of Gozag.
You start resting.
The gnoll hits you from afar with a +0 halberd!
You die...

.# #.#...#.# #.#
####. ## ..##.##.###
#.# #.... .....# #.#
#....
##.#.####.#####....
###....##.........##.
#
#....#..#.##########.
8..#.........# #.
_.........$..# ##
#...@....##
#.####gg## #...†...#
#.g.g...# .........#
.............
...........#.#
...........#.#
............ #


You could see 2 gnolls.

Vanquished Creatures
  An orc priest (D:3)
  An orc wizard (D:3)
  A gnoll (D:3)
  An adder (D:2)
  4 worms
  2 leopard geckos
  9 orcs
  A ball python (D:2)
  3 giant cockroaches (D:1)
  5 goblins
  8 hobgoblins
  5 jackals (D:1)
  4 quokkas
  5 bats
  5 frilled lizards
  11 kobolds
  6 rats
72 creatures vanquished.

Notes
Turn   | Place    | Note
-------+----------+-------------------------------------------
     0 | D:1      | phmsin the Hill Orc Fighter began the quest for the Orb.
     0 | D:1      | Reached XP level 1. HP: 19/19 MP: 1/1
    77 | D:1      | Reached XP level 2. HP: 22/27 MP: 2/2
   124 | D:1      | Reached skill level 3 in Axes
   403 | D:1      | Reached XP level 3. HP: 33/33 MP: 3/3
   649 | D:2      | Reached skill level 4 in Axes
   836 | D:2      | Found a broken altar of Ashenzari.
   975 | D:2      | Reached XP level 4. HP: 40/40 MP: 4/4
  1641 | D:3      | Reached XP level 5. HP: 32/46 MP: 5/5
  1751 | D:3      | Reached skill level 5 in Axes
  1932 | D:3      | Found an opulent altar of Gozag.
  1933 | D:3      | Slain by a gnoll

Illustrated notes

Levels and vault maps discovered:
D:1:      nzn_arrival_water_spiral, layout_loops_ring
D:2:      lemuel_upstairs_altar, layout_loops_ring,
          lemuel_coloured_pillars_altar
D:3:      layout_loops_cross, grunt_gozag_breadcrumbs, uniq_crazy_yiuf_cottage,
          uniq_ijyb

Skill      XL: |  1  2  3  4  5 |
---------------+----------------+-----
Axes           | 3 4 5 |  5.3
Fighting       | 4 |  4.2
Shields        | 4 |  4.2
Armour         | |  3.8
Dodging        | |  0.7

Action                   |  1- 3 |  4- 6 || total
-------------------------+-------+-------++-------
Melee: War axe           |   101 |    87 ||   188
  Use: Potion            |     4 |     4 ||     8
       Scroll            |     3 |     7 ||    10
Armor: Scale mail        |    43 |    44 ||    87
       Skin              |       |    24 ||    24
Dodge: Dodged            |    26 |    37 ||    63
Block: Kite shield       |    60 |    67 ||   127

Table legend: (Time is in decaauts)
 A = Elapsed time spent in this place.
 B = Non-inter-level travel time spent in this place.
 C = Inter-level travel time spent in this place.
 D = Time resting spent in this place.
 E = Time spent auto-exploring this place.
 F = Levels seen in this place.
 G = Mean time per level.
                   A        B        C        D        E       F      G
               +--------+--------+--------+--------+--------+-----+--------+
         Total |   2013 |    775 |   1238 |    198 |      0 |   3 |  671.0 |
       Dungeon |   2013 |    775 |   1238 |    198 |      0 |   3 |  671.0 |
               +--------+--------+--------+--------+--------+-----+--------+

Top non-repeatable levels by time:
     D:2: 999 daAuts
     D:1: 523 daAuts
     D:3: 490 daAuts
